[Event "ICC tourney 2202 (30 10)"]
[Site "Internet Chess Club"]
[Date "2020.12.13"]
[Round "2"]
[White "Sanyi9Pakh"]
[Black "MrNormalName"]
[Result "0-1"]
[ICCResult "White checkmated"]
[WhiteElo "1805"]
[BlackElo "2181"]
[Opening "Catalan: closed, 5.Nf3"]
[ECO "E06"]
[NIC "CA.05"]
[Time "13:02:48"]
[PlyCount "150"]
[TimeControl "1800+10"]


1. d4 Nf6 2. Nf3 d5 3. c4 e6 4. g3 Be7 5. Bg2 O-O 6. O-O dxc4 7. Ne5 Nc6 8.
Nxc6 bxc6 9. Bxc6 Rb8 10. Nc3 Nd5 11. e4 Nxc3 12. bxc3 Rb6 13. Ba4 c5 14.
Be3 cxd4 15. Bxd4 Rb2 16. Bc6 Qd6 17. Qa4 e5 18. Bxa7 Bh3 19. Rfd1 Qf6 20.
Bd7 Ra8 21. Bxh3 Bc5 22. Rf1 Bxa7 23. Kh1 Qf3+ 24. Bg2 Qxc3 25. Rac1 Qd2
26. Qxc4 Rxa2 27. Qc8+ Qd8 28. Qc4 Rxf2 29. Rxf2 Bxf2 30. Rf1 Qd4 31. Qxd4
Bxd4 32. h4 g6 33. Kh2 Ra3 34. Rf3 Ra2 35. Kh3 Re2 36. Rb3 h5 37. Bf3 Re1
38. Rd3 Kg7 39. Rd1 Re3 40. Kg2 Kh6 41. Rc1 Rb3 42. Rc2 Rb6 43. Ra2 f5 44.
Rc2 fxe4 45. Bxe4 Kg7 46. Rc6 Rb2+ 47. Kh3 Bg1 48. Rc2 Rb4 49. Rc7+ Kh6 50.
Bd5 Rb2 51. g4 hxg4+ 52. Kxg4 Rb4+ 53. Rc4 Rb8 54. Rc6 Rf8 55. Rc4 Bd4 56.
Rc7 Rf4+ 57. Kh3 Bf2 58. h5 Kxh5 59. Rh7+ Kg5 60. Rb7 e4 61. Rf7 Rh4+ 62.
Kg2 Bd4 63. Re7 Kf5 64. Re8 Rg4+ 65. Kf1 Rg1+ 66. Ke2 Rg2+ 67. Kf1 Rf2+ 68.
Ke1 e3 69. Rf8+ Ke5 70. Rd8 Bc3+ 71. Kd1 e2+ 72. Kc2 e1=Q+ 73. Kb3 Rb2+ 74.
Kc4 Qe2+ 75. Kc5 Qb5# { White checkmated } 0-1

[Event "ICC tourney 2202 (30 10)"]
[Site "Internet Chess Club"]
[Date "2020.12.13"]
[Round "3"]
[White "TjkTiger"]
[Black "pstots"]
[Result "1-0"]
[ICCResult "Black resigns"]
[WhiteElo "2602"]
[BlackElo "1599"]
[Opening "English: four knights, Nimzovich variation"]
[ECO "A28"]
[NIC "EO.09"]
[Time "15:02:48"]
[PlyCount "55"]
[TimeControl "1800+10"]


1. c4 e5 2. Nc3 Nf6 3. Nf3 Nc6 4. e4 Bc5 5. Nxe5 Nxe5 6. d4 Bxd4 7. Qxd4
Nc6 8. Qd2 O-O 9. Be2 Re8 10. f3 d6 11. O-O Be6 12. b3 Ne7 13. Bb2 c6 14.
Rad1 d5 15. cxd5 cxd5 16. e5 Nd7 17. Nb5 f6 18. exf6 Nxf6 19. Nd4 Qb6 20.
Kh1 Nc6 21. Nxe6 Rxe6 22. Bxf6 Rxf6 23. Qxd5+ Kh8 24. Qe4 Nb4 25. Bc4 Nxa2
26. Rd7 Qc6 27. Qe7 Rg6 28. Rd8+ { Black resigns } 1-0

[Event "ICC tourney 2202 (30 10)"]
[Site "Internet Chess Club"]
[Date "2020.12.13"]
[Round "3"]
[White "youngjp"]
[Black "mchessmaster"]
[Result "1-0"]
[ICCResult "Black resigns"]
[WhiteElo "2469"]
[BlackElo "1976"]
[Opening "Sicilian: closed"]
[ECO "B23"]
[NIC "SI.44"]
[Time "15:01:53"]
[PlyCount "37"]
[TimeControl "1800+10"]


1. e4 c5 2. Nc3 e5 3. g3 Nf6 4. Bg2 d6 5. d3 g6 6. Nge2 Bg7 7. O-O O-O 8.
f4 Nc6 9. f5 Ne7 10. h3 gxf5 11. exf5 Nxf5 12. g4 Nd4 13. Bg5 Ne6 14. Bh4
Nc7 15. Ne4 Ncd5 16. Qc1 Re8 17. c4 Nf4 18. Nxf4 exf4 19. Qxf4 { Black
resigns } 1-0

[Event "ICC tourney 2202 (30 10)"]
[Site "Internet Chess Club"]
[Date "2020.12.13"]
[Round "3"]
[White "alexdora"]
[Black "sye"]
[Result "1-0"]
[ICCResult "Black resigns"]
[WhiteElo "1950"]
[BlackElo "1905"]
[Opening "Sicilian: Alapin's variation (2.c3)"]
[ECO "B22"]
[NIC "SI.46"]
[Time "15:01:54"]
[PlyCount "51"]
[TimeControl "1800+10"]


1. e4 c5 2. c3 Nf6 3. e5 Nd5 4. d4 e6 5. Nf3 cxd4 6. cxd4 Nc6 7. a3 b6 8.
Bd3 Bb7 9. O-O d6 10. Qe2 dxe5 11. dxe5 Be7 12. Bd2 g5 13. Nc3 g4 14. Ne1
h5 15. f3 Nd4 16. Qd1 gxf3 17. Nxf3 Nxc3 18. Bxc3 Nxf3+ 19. Rxf3 Bxf3 20.
Qxf3 Rc8 21. Rf1 Bc5+ 22. Kh1 Qe7 23. b4 Bf2 24. Rxf2 Kf8 25. Bd2 Rd8 26.
Bg5 { Black resigns } 1-0

[Event "ICC tourney 2202 (30 10)"]
[Site "Internet Chess Club"]
[Date "2020.12.13"]
[Round "3"]
[White "e4f5"]
[Black "KRASAVCHIK"]
[Result "0-1"]
[ICCResult "White resigns"]
[WhiteElo "2253"]
[BlackElo "2648"]
[Opening "Ruy Lopez: modern Steinitz defense, 5.O-O"]
[ECO "C72"]
[NIC "RL.10"]
[Time "15:02:02"]
[PlyCount "82"]
[TimeControl "1800+10"]


1. e4 e5 2. Nf3 Nc6 3. Bb5 a6 4. Ba4 d6 5. O-O Bd7 6. c3 g6 7. d4 Bg7 8. d5
Nce7 9. Bxd7+ Qxd7 10. c4 h6 11. Nc3 f5 12. Ne1 Nf6 13. f3 O-O 14. Nd3 c5
15. a4 a5 16. Bd2 g5 17. Qe2 Rae8 18. Nf2 Ng6 19. exf5 Nf4 20. Qd1 Qxf5 21.
Nce4 Nxe4 22. fxe4 Qg6 23. g3 Nh5 24. Qe2 b6 25. Ng4 Nf4 26. Qe3 Qh5 27.
gxf4 Qxg4+ 28. Qg3 Qxg3+ 29. hxg3 exf4 30. gxf4 Rxe4 31. fxg5 hxg5 32.
Rxf8+ Kxf8 33. Rf1+ Kg8 34. b3 Be5 35. Re1 Rxe1+ 36. Bxe1 Kf7 37. Kf2 Kf6
38. Ke3 Kf5 39. Kd3 g4 40. Bh4 g3 41. Ke3 Kg4 { White resigns } 0-1

[Event "ICC tourney 2202 (30 10)"]
[Site "Internet Chess Club"]
[Date "2020.12.13"]
[Round "3"]
[White "MrNormalName"]
[Black "Suraj240704"]
[Result "0-1"]
[ICCResult "White resigns"]
[WhiteElo "2181"]
[BlackElo "2193"]
[Opening "King's Indian: Gligoric-Taimanov system"]
[ECO "E92"]
[NIC "KI.18"]
[Time "15:02:48"]
[PlyCount "84"]
[TimeControl "1800+10"]


1. d4 Nf6 2. c4 g6 3. Nc3 Bg7 4. e4 O-O 5. Nf3 d6 6. Be2 e5 7. Be3 Nc6 8.
d5 Ne7 9. Nd2 Nd7 10. f3 f5 11. b4 f4 12. Bf2 g5 13. c5 Rf6 14. cxd6 cxd6
15. Nc4 a6 16. a4 h5 17. a5 Rg6 18. Na4 g4 19. fxg4 hxg4 20. Bxg4 Nf6 21.
Bxc8 Rxc8 22. Nab6 Nxe4 23. Nxc8 Qxc8 24. Qd3 Nxf2 25. Kxf2 Qg4 26. Qh3 Qg5
27. Rad1 Nf5 28. g4 fxg3+ 29. hxg3 Nxg3 30. Qc8+ Bf8 31. Rh8+ Kxh8 32.
Qxf8+ Kh7 33. Qf7+ Rg7 34. Qf3 Qg6 35. Ke1 Rf7 36. Qe3 Rf1+ 37. Kd2 Rf2+
38. Ke1 Re2+ 39. Qxe2 Nxe2 40. Kxe2 Qg4+ 41. Kd3 Qxd1+ 42. Ke4 Qd4+ { White
resigns } 0-1

[Event "ICC tourney 2202 (30 10)"]
[Site "Internet Chess Club"]
[Date "2020.12.13"]
[Round "3"]
[White "DualMoneytime"]
[Black "espark"]
[Result "0-1"]
[ICCResult "White resigns"]
[WhiteElo "1960"]
[BlackElo "2338"]
[Opening "Robatsch defense: two knights variation"]
[ECO "B06"]
[NIC "KF.05"]
[Time "15:01:58"]
[PlyCount "70"]
[TimeControl "1800+10"]


1. e4 g6 2. d4 Bg7 3. Nf3 d6 4. Nc3 a6 5. a4 Nf6 6. h3 O-O 7. Be3 b6 8. e5
Nfd7 9. e6 fxe6 10. Ng5 Nf6 11. h4 Qe8 12. Be2 h6 13. Nh3 Qf7 14. Qd2 Kh7
15. Nf4 e5 16. Nxg6 Qxg6 17. Bd3 e4 18. h5 Qf5 19. g4 Qf3 20. Rg1 exd3 21.
Qxd3+ Kh8 22. g5 hxg5 23. Rxg5 Nh7 24. Rxg7 Kxg7 25. Kd2 Qg2 26. Ne2 Bf5
27. Qc3 Qc6 28. Rg1+ Kh8 29. Qb3 Qxc2+ 30. Qxc2 Bxc2 31. Bh6 Rg8 32. Rc1
Bxa4 33. Nf4 Nf6 34. Rxc7 Nbd7 35. Ng6+ Kh7 { White resigns } 0-1

[Event "ICC tourney 2202 (30 10)"]
[Site "Internet Chess Club"]
[Date "2020.12.13"]
[Round "3"]
[White "Pifischer"]
[Black "clair"]
[Result "1-0"]
[ICCResult "Black checkmated"]
[WhiteElo "1976"]
[BlackElo "1682"]
[Opening "Robatsch defense"]
[ECO "B06"]
[NIC "KF.05"]
[Time "15:02:48"]
[PlyCount "83"]
[TimeControl "1800+10"]


1. e4 g6 2. d4 Bg7 3. Nc3 e6 4. Be3 Ne7 5. Qd2 h6 6. O-O-O a6 7. Bd3 b5 8.
Kb1 Bb7 9. f3 d6 10. g4 Nd7 11. Qf2 c6 12. Nce2 Qa5 13. Nc1 O-O-O 14. c4
Kb8 15. Nge2 Rc8 16. Nb3 Qd8 17. Rd2 d5 18. cxd5 exd5 19. e5 c5 20. dxc5
Bxe5 21. f4 Bg7 22. Ned4 Nc6 23. Rc1 Nf6 24. h3 Re8 25. Nxc6+ Bxc6 26. Nd4
Qe7 27. Re2 Ne4 28. Qe1 Kb7 29. Nb3 Ka7 30. Bd4 Bxd4 31. Nxd4 Qd7 32. Nf3
f6 33. Nd4 Re7 34. Qa5 Qc7 35. Qa3 Rce8 36. Bxb5 Nc3+ 37. Rxc3 Rxe2 38.
Qxa6+ Kb8 39. Nxc6+ Qxc6 40. Bxc6 Re1+ 41. Rc1 d4 42. Qb7# { Black
checkmated } 1-0

[Event "ICC tourney 2202 (30 10)"]
[Site "Internet Chess Club"]
[Date "2020.12.13"]
[Round "3"]
[White "gtmorton"]
[Black "wangfang75"]
[Result "1-0"]
[ICCResult "Black resigns"]
[WhiteElo "1812"]
[BlackElo "1858"]
[Opening "QGD: exchange, positional line"]
[ECO "D35"]
[NIC "QO.16"]
[Time "15:02:03"]
[PlyCount "73"]
[TimeControl "1800+10"]


1. d4 d5 2. c4 e6 3. Nc3 Nf6 4. cxd5 exd5 5. Bg5 Be7 6. e3 h6 7. Bh4 Bf5 8.
Qb3 g5 9. Bg3 b6 10. Nf3 O-O 11. Ne5 Bd6 12. Be2 Re8 13. O-O c5 14. Rac1 c4
15. Qd1 Re6 16. f4 Nbd7 17. Bh5 Nxh5 18. Qxh5 f6 19. Nxd7 Qxd7 20. fxg5
Bxg3 21. Rxf5 Bd6 22. Rxf6 Rxf6 23. gxf6 Bf8 24. Qxd5+ Qxd5 25. Nxd5 b5 26.
e4 Kf7 27. Kf2 Re8 28. Kf3 Bd6 29. h3 Bb8 30. e5 Ke6 31. Ke4 a6 32. Rf1 Kf7
33. g4 Re6 34. h4 Bd6 35. g5 h5 36. Rg1 Kg6 37. Nf4+ { Black resigns } 1-0

[Event "ICC tourney 2202 (30 10)"]
[Site "Internet Chess Club"]
[Date "2020.12.13"]
[Round "3"]
[White "JonnyTurgi"]
[Black "bopala"]
[Result "1-0"]
[ICCResult "Black resigns"]
[WhiteElo "2087"]
[BlackElo "1939"]
[Opening "QGD: Neo-orthodox variation, 7.Bh4"]
[ECO "D56"]
[NIC "QP.08"]
[Time "15:01:58"]
[PlyCount "91"]
[TimeControl "1800+10"]


1. d4 d5 2. c4 e6 3. Nf3 Be7 4. Nc3 Nf6 5. Bg5 O-O 6. e3 h6 7. Bh4 Nbd7 8.
Rc1 c5 9. dxc5 g5 10. Bg3 Nxc5 11. cxd5 Nxd5 12. Nxd5 Qxd5 13. Qxd5 exd5
14. Be2 Bf5 15. O-O Rac8 16. Nd4 Bg6 17. Rfd1 Rfd8 18. Bg4 Ra8 19. Bc7 Re8
20. Nf5 h5 21. Nxe7+ Rxe7 22. Bd6 Nd3 23. Bxe7 Nxc1 24. Bf3 Nd3 25. Bxg5
Rc8 26. h3 Rc2 27. Bxd5 Rxb2 28. Bh4 Nb4 29. Bf6 Rc2 30. Bb3 Rc8 31. Rd7 a5
32. Rxb7 Rc1+ 33. Kh2 Rc8 34. Rb5 Nc6 35. Rc5 Kf8 36. Ba4 Na7 37. Rxc8+
Nxc8 38. Bc3 Bb1 39. a3 Nb6 40. Bd1 Nc4 41. a4 Bg6 42. Be2 Nb6 43. Bb5 Bc2
44. Bxa5 Nxa4 45. Kg3 Nc5 46. Bb4 { Black resigns } 1-0

[Event "ICC tourney 2202 (30 10)"]
[Site "Internet Chess Club"]
[Date "2020.12.13"]
[Round "3"]
[White "speedyplot"]
[Black "rychessmaster1"]
[Result "0-1"]
[ICCResult "White resigns"]
[WhiteElo "1849"]
[BlackElo "2180"]
[Opening "Caro-Kann: Tartakower (Nimzovich) variation"]
[ECO "B15"]
[NIC "CK.06"]
[Time "15:01:52"]
[PlyCount "158"]
[TimeControl "1800+10"]


1. e4 c6 2. d4 d5 3. Nc3 dxe4 4. Nxe4 Nf6 5. Nxf6+ exf6 6. Nf3 Bd6 7. Be2
O-O 8. O-O Bf5 9. Be3 Re8 10. Qd2 Nd7 11. Rad1 Qe7 12. a3 Rad8 13. Rfe1 Bb8
14. Bd3 Bg4 15. Bf4 Qf8 16. Bxb8 Bxf3 17. gxf3 Rxb8 18. Re4 g6 19. Rde1 f5
20. Rxe8 Rxe8 21. Rxe8 Qxe8 22. Qa5 Qb8 23. Qb4 Nb6 24. c4 Qf4 25. c5 Nd5
26. Qxb7 Qxd4 27. Bf1 Qxc5 28. b4 Qb6 29. Qd7 Qc7 30. Qe8+ Kg7 31. b5 cxb5
32. Qxb5 Nf4 33. a4 h5 34. Qb2+ f6 35. Qd4 a5 36. Qd2 Kh6 37. Qd4 Qe5 38.
Qd8 Kg5 39. Qh8 Kh4 40. Qc8 Qd4 41. Qc2 Kg5 42. Bb5 h4 43. Qc1 h3 44. Qf1
Qc3 45. Qd1 Ne6 46. Bf1 Nd4 47. Bxh3 Nxf3+ 48. Kh1 Ne1 49. Bg2 Nxg2 50.
Kxg2 Qc6+ 51. Kg1 f4 52. f3 Qc5+ 53. Kg2 Qc4 54. Kh3 Qa2 55. Qg1+ Kh6 56.
Qd4 Qe6+ 57. Kg2 Qe2+ 58. Qf2 Qxf2+ 59. Kxf2 Kg5 60. Kg2 Kh4 61. h3 g5 62.
Kh2 f5 63. Kg2 Kh5 64. Kf2 Kh6 65. Ke2 Kg6 66. Kf2 Kf6 67. Ke2 Ke5 68. Kd3
Kd5 69. Kc3 Kc5 70. Kb3 Kd4 71. Kc2 Ke3 72. Kc3 Kxf3 73. Kc4 Kg3 74. Kb5 f3
75. Kxa5 f2 76. Kb6 f1=Q 77. a5 Kxh3 78. a6 Qxa6+ 79. Kxa6 f4 { White
resigns } 0-1

[Event "ICC tourney 2202 (30 10)"]
[Site "Internet Chess Club"]
[Date "2020.12.13"]
[Round "4"]
[White "sye"]
[Black "clair"]
[Result "1-0"]
[ICCResult "Black resigns"]
[WhiteElo "1905"]
[BlackElo "1682"]
[Opening "Modern defense"]
[ECO "A40"]
[NIC "QO.17"]
[Time "17:01:36"]
[PlyCount "63"]
[TimeControl "1800+10"]


1. d4 g6 2. c4 Bg7 3. Nc3 e6 4. e4 Ne7 5. Bd3 h6 6. Be3 d5 7. cxd5 exd5 8.
e5 O-O 9. Qd2 Nf5 10. Bxf5 Bxf5 11. Bxh6 Nc6 12. Bxg7 Kxg7 13. a3 Qh4 14.
Nf3 Qe4+ 15. Nxe4 dxe4 16. Nh4 Rad8 17. Nxf5+ gxf5 18. Qg5+ Kh8 19. Qxf5
Nxd4 20. Qh5+ Kg8 21. O-O Rfe8 22. Rae1 c5 23. Rxe4 b6 24. Rg4+ Kf8 25.
Qh8+ Ke7 26. Qf6+ Kd7 27. Qxf7+ Re7 28. Qc4 Rxe5 29. Rxd4+ cxd4 30. Qxd4+
Kc7 31. Qxe5+ Kc8 32. Rc1+ { Black resigns } 1-0

[Event "ICC tourney 2202 (30 10)"]
[Site "Internet Chess Club"]
[Date "2020.12.13"]
[Round "4"]
[White "iszerencsy"]
[Black "alexdora"]
[Result "1-0"]
[ICCResult "Black resigns"]
[WhiteElo "1377"]
[BlackElo "1950"]
[Opening "Sicilian: Smith-Morra gambit"]
[ECO "B21"]
[NIC "SI.48"]
[Time "17:01:21"]
[PlyCount "59"]
[TimeControl "1800+10"]


1. e4 c5 2. d4 cxd4 3. c3 dxc3 4. Nxc3 Nc6 5. Bc4 e6 6. Nf3 a6 7. Qe2 Qc7
8. O-O Bd6 9. Bg5 Nge7 10. Rad1 Ng6 11. g3 O-O 12. h4 h6 13. Be3 Qb8 14. h5
Nge5 15. Nxe5 Nxe5 16. Bb3 b5 17. f4 Nc6 18. e5 Be7 19. Ne4 Na5 20. Bc2 Nc4
21. Qd3 f5 22. exf6 Bxf6 23. Nxf6+ Rxf6 24. Qh7+ Kf8 25. Bd4 Rf7 26. Bg6
Bb7 27. Bxf7 Kxf7 28. Qxg7+ Ke8 29. Bf6 Qa7+ 30. Kh2 { Black resigns } 1-0

[Event "ICC tourney 2202 (30 10)"]
[Site "Internet Chess Club"]
[Date "2020.12.13"]
[Round "4"]
[White "wangfang75"]
[Black "Pifischer"]
[Result "0-1"]
[ICCResult "White resigns"]
[WhiteElo "1858"]
[BlackElo "1976"]
[Opening "Ruy Lopez: Berlin defense"]
[ECO "C65"]
[NIC "RL.07"]
[Time "17:01:21"]
[PlyCount "48"]
[TimeControl "1800+10"]


1. e4 e5 2. Nf3 Nc6 3. Bb5 Nf6 4. d3 d6 5. Bg5 h6 6. Bh4 Be7 7. O-O O-O 8.
Re1 Bg4 9. h3 Bxf3 10. gxf3 Nd4 11. Bc4 Nh5 12. Bxe7 Qxe7 13. c3 Nf4 14.
Kf1 Qg5 15. Re3 Qg2+ 16. Ke1 Qg1+ 17. Kd2 Qxf2+ 18. Re2 Nxf3+ 19. Kc2 Nxe2
20. Nd2 Kh7 21. d4 Neg1 22. Kd3 Qxd2+ 23. Qxd2 Nxd2 24. Kxd2 Nxh3 { White
resigns } 0-1

[Event "ICC tourney 2202 (30 10)"]
[Site "Internet Chess Club"]
[Date "2020.12.13"]
[Round "4"]
[White "pstots"]
[Black "e4f5"]
[Result "0-1"]
[ICCResult "White resigns"]
[WhiteElo "1599"]
[BlackElo "2253"]
[Opening "Sicilian: Canal-Sokolsky (Nimzovich-Rossolimo, Moscow) attack"]
[ECO "B51"]
[NIC "SI.01"]
[Time "17:01:22"]
[PlyCount "74"]
[TimeControl "1800+10"]


1. e4 c5 2. Nf3 d6 3. Bb5+ Nd7 4. O-O Nf6 5. Nc3 g6 6. e5 dxe5 7. Nxe5 Bg7
8. Re1 O-O 9. Nxd7 Bxd7 10. Bxd7 Qxd7 11. d3 e6 12. Bf4 Nd5 13. Nxd5 Qxd5
14. c3 Rfd8 15. Re3 e5 16. Bg5 f6 17. Bh4 g5 18. Bg3 f5 19. c4 Qd6 20. Bxe5
Bxe5 21. Qh5 Bf4 22. Re2 Qg6 23. Qf3 Qc6 24. Qh3 g4 25. Qh5 Qg6 26. Qxg6+
hxg6 27. Rd1 Re8 28. Rc2 Be5 29. a3 Bd4 30. b4 b6 31. b5 Re5 32. g3 Rae8
33. Kg2 Re2 34. Rdd2 Re1 35. h3 Rb1 36. hxg4 fxg4 37. Ra2 Ree1 { White
resigns } 0-1

[Event "ICC tourney 2202 (30 10)"]
[Site "Internet Chess Club"]
[Date "2020.12.13"]
[Round "4"]
[White "kevinsun"]
[Black "speedyplot"]
[Result "1-0"]
[ICCResult "Black checkmated"]
[WhiteElo "1161"]
[BlackElo "1849"]
[Opening "Sicilian: Canal-Sokolsky attack, 3...Bd7"]
[ECO "B52"]
[NIC "SI.01"]
[Time "17:01:50"]
[PlyCount "57"]
[TimeControl "1800+10"]


1. e4 c5 2. Nf3 d6 3. Bb5+ Bd7 4. Bxd7+ Nxd7 5. O-O Ngf6 6. Re1 g6 7. Nc3
Bg7 8. d3 O-O 9. Be3 a6 10. a4 Rc8 11. Qd2 Re8 12. Bh6 Ng4 13. Bxg7 Kxg7
14. h3 Nge5 15. Nxe5 Nxe5 16. a5 e6 17. Na4 d5 18. Nb6 Rc6 19. f4 Nd7 20.
exd5 exd5 21. Nxd5 Rxe1+ 22. Rxe1 Nf8 23. Qc3+ f6 24. Re7+ Kh6 25. Nxf6
Qd4+ 26. Qxd4 cxd4 27. Ng8+ Kh5 28. Rf7 Ne6 29. Rxh7# { Black checkmated }
1-0

[Event "ICC tourney 2202 (30 10)"]
[Site "Internet Chess Club"]
[Date "2020.12.13"]
[Round "4"]
[White "espark"]
[Black "youngjp"]
[Result "0-1"]
[ICCResult "White resigns"]
[WhiteElo "2338"]
[BlackElo "2469"]
[Opening "Sicilian: accelerated fianchetto, Maróczy bind"]
[ECO "B36"]
[NIC "SI.33"]
[Time "17:01:27"]
[PlyCount "68"]
[TimeControl "1800+10"]


1. e4 c5 2. Nf3 Nc6 3. d4 cxd4 4. Nxd4 g6 5. c4 Nf6 6. Nc3 d6 7. Be2 Nxd4
8. Qxd4 Bg7 9. Be3 O-O 10. Qd2 Be6 11. f3 Qa5 12. Rc1 Rfc8 13. b3 Nd7 14.
Nd5 Qxd2+ 15. Kxd2 Kf8 16. Nf4 a6 17. Nxe6+ fxe6 18. Rc2 Ne5 19. h4 h5 20.
f4 Nc6 21. a3 Bd4 22. g4 hxg4 23. Bxg4 Kf7 24. Kd3 Bxe3 25. Kxe3 Rh8 26. h5
gxh5 27. Rxh5 Rag8 28. Rg5 e5 29. Bh5+ Rxh5 30. Rxh5 Rg3+ 31. Kf2 exf4 32.
Rf5+ Ke6 33. Rxf4 Rxb3 34. Rf3 Rxf3+ { White resigns } 0-1

[Event "ICC tourney 2202 (30 10)"]
[Site "Internet Chess Club"]
[Date "2020.12.13"]
[Round "4"]
[White "mhebden"]
[Black "JonnyTurgi"]
[Result "1-0"]
[ICCResult "Black resigns"]
[WhiteElo "2503"]
[BlackElo "2087"]
[Opening "QGD Slav: 4.e3 Bf5"]
[ECO "D12"]
[NIC "QP.08"]
[Time "17:02:15"]
[PlyCount "57"]
[TimeControl "1800+10"]


1. d4 d5 2. Nf3 Nf6 3. c4 c6 4. e3 Bf5 5. cxd5 Nxd5 6. Be2 e6 7. O-O Nd7 8.
Nc3 Be7 9. Bd2 O-O 10. Rc1 Re8 11. h3 h6 12. Bc4 N5f6 13. Qe2 Ne4 14. Nxe4
Bxe4 15. Rfd1 Qb6 16. Bc3 Bf6 17. Nd2 Bd5 18. e4 Bxc4 19. Nxc4 Qa6 20. Kf1
Red8 21. b3 Nb6 22. Na5 Qxe2+ 23. Kxe2 Rd7 24. Rd3 Rad8 25. Rcd1 c5 26.
dxc5 Bxc3 27. cxb6 Rxd3 28. Rxd3 Rc8 29. Nc4 { Black resigns } 1-0

[Event "ICC tourney 2202 (30 10)"]
[Site "Internet Chess Club"]
[Date "2020.12.13"]
[Round "4"]
[White "gtmorton"]
[Black "MrNormalName"]
[Result "0-1"]
[ICCResult "White resigns"]
[WhiteElo "1812"]
[BlackElo "2181"]
[Opening "Queen's pawn game, Rubinstein (Colle-Zukertort) variation"]
[ECO "D05"]
[NIC "QP.06"]
[Time "17:02:15"]
[PlyCount "60"]
[TimeControl "1800+10"]


1. d4 Nf6 2. Nf3 d5 3. e3 e6 4. Bd3 c5 5. b3 Nc6 6. O-O Bd6 7. Bb2 O-O 8.
Nbd2 Qe7 9. Ne5 Qc7 10. f4 cxd4 11. exd4 Nb4 12. Rf3 Nxd3 13. cxd3 Qe7 14.
Rh3 Ba3 15. Rb1 Bxb2 16. Rxb2 Bd7 17. g4 Qb4 18. Ndf3 Bb5 19. g5 Ne8 20.
Rc2 Nd6 21. Qf1 Rac8 22. Re2 Nf5 23. Qf2 Rc1+ 24. Kg2 Rfc8 25. Nh4 Nxd4 26.
Rd2 R8c2 27. Nhf3 Rxd2 28. Nxd2 Rc2 29. Nef3 Nxf3 30. Qh4 Nxh4+ { White
resigns } 0-1

[Event "ICC tourney 2202 (30 10)"]
[Site "Internet Chess Club"]
[Date "2020.12.13"]
[Round "4"]
[White "Openyagami"]
[Black "rychessmaster1"]
[Result "1-0"]
[ICCResult "Black resigns"]
[WhiteElo "2604"]
[BlackElo "2180"]
[Opening "English: symmetrical variation"]
[ECO "A30"]
[NIC "EO.34"]
[Time "17:01:36"]
[PlyCount "117"]
[TimeControl "1800+10"]


1. c4 c5 2. Nf3 Nc6 3. Nc3 g6 4. e3 d6 5. d4 cxd4 6. exd4 Bg4 7. Be2 Bg7 8.
Be3 Nf6 9. O-O O-O 10. h3 Bxf3 11. Bxf3 Rc8 12. b3 Qa5 13. Rc1 e5 14. d5
Ne7 15. Nb5 Nf5 16. Bd2 Qb6 17. Qe1 e4 18. Bg4 Nxg4 19. hxg4 Nd4 20. Nxd4
Bxd4 21. Qxe4 Rfe8 22. Qf3 Qd8 23. Rce1 Qh4 24. g3 Qf6 25. Qxf6 Bxf6 26.
Bf4 Be7 27. Re4 Bf8 28. Rfe1 Rxe4 29. Rxe4 a6 30. g5 Ra8 31. Kf1 Kg7 32. c5
Rd8 33. c6 bxc6 34. dxc6 Rc8 35. Rc4 f5 36. c7 Kf7 37. Rc6 Ke6 38. Be3 Be7
39. Ke2 Kd7 40. Rxa6 Rxc7 41. Kd3 Ke6 42. b4 Rb7 43. a3 Kd5 44. Ra5+ Kc6
45. Kc4 Bd8 46. Ra6+ Kd7 47. b5 d5+ 48. Kb4 Be7+ 49. Bc5 Bxg5 50. Rd6+ Kc8
51. Rxd5 h5 52. b6 h4 53. gxh4 Bxh4 54. Kb5 Be7 55. a4 Bxc5 56. Rxc5+ Kb8
57. a5 Rf7 58. a6 g5 59. a7+ { Black resigns } 1-0

[Event "ICC tourney 2202 (30 10)"]
[Site "Internet Chess Club"]
[Date "2020.12.13"]
[Round "4"]
[White "Suraj240704"]
[Black "Volkov"]
[Result "0-1"]
[ICCResult "White resigns"]
[WhiteElo "2193"]
[BlackElo "2607"]
[Opening "English: New York (London) defensive system"]
[ECO "A12"]
[NIC "QP.09"]
[Time "17:01:21"]
[PlyCount "120"]
[TimeControl "1800+10"]


1. Nf3 d5 2. c4 c6 3. b3 Nf6 4. Bb2 Bf5 5. d3 e6 6. Nbd2 Nbd7 7. g3 h6 8.
Bg2 Bh7 9. O-O Be7 10. Ne5 Nxe5 11. Bxe5 O-O 12. Nf3 a5 13. Bc3 Bb4 14. Qd2
Qe7 15. a3 Bxa3 16. Bxf6 gxf6 17. Qxh6 Bb4 18. h4 Rfe8 19. g4 Qd8 20. g5
fxg5 21. Nxg5 Bg6 22. Nf3 Bf8 23. Qf4 Bg7 24. d4 Qf6 25. Qg3 Bf5 26. Kh1
Kh8 27. Rg1 Rg8 28. Qh2 Bh6 29. Ne5 Bc2 30. Qh3 Bf4 31. Ng4 Qf5 32. Bf3
Bxb3 33. e3 Bc7 34. c5 Bc2 35. Be2 a4 36. f3 a3 37. Qf1 a2 38. Qc1 Bb1 39.
Rg2 Qh5 40. Kg1 f5 41. Rxb1 axb1=Q 42. Qxb1 fxg4 43. f4 Rab8 44. Qd1 b6 45.
Bxg4 Rxg4 46. Rxg4 Qxg4+ 47. Qxg4 Rg8 48. Qxg8+ Kxg8 49. cxb6 Bxb6 50. Kg2
Kg7 51. Kf3 Kf6 52. Kg4 c5 53. dxc5 Bxc5 54. Kf3 Kf5 55. h5 Bf8 56. Kg3 Ke4
57. Kf2 Bc5 58. h6 Bxe3+ 59. Ke2 Bxf4 60. h7 Be5 { White resigns } 0-1

[Event "ICC tourney 2202 (30 10)"]
[Site "Internet Chess Club"]
[Date "2020.12.13"]
[Round "4"]
[White "bopala"]
[Black "DualMoneytime"]
[Result "0-1"]
[ICCResult "White forfeits on time"]
[WhiteElo "1939"]
[BlackElo "1960"]
[Opening "QGD Slav defense"]
[ECO "D10"]
[NIC "SL.01"]
[Time "17:01:36"]
[PlyCount "86"]
[TimeControl "1800+10"]


1. d4 d5 2. c4 c6 3. Nc3 Nf6 4. e3 a6 5. Nf3 Bf5 6. Be2 e6 7. O-O Nbd7 8.
h3 h6 9. Bd3 Bxd3 10. Qxd3 Bd6 11. cxd5 cxd5 12. e4 dxe4 13. Nxe4 Nxe4 14.
Qxe4 Qb6 15. Qe2 Nf6 16. Rd1 O-O 17. Ne5 Rfd8 18. Bf4 Nd5 19. Bg3 Rac8 20.
Nc4 Qb5 21. Bxd6 Qxc4 22. Qxc4 Rxc4 23. b3 Rc2 24. Bc5 b6 25. Ba3 Nc3 26.
Rd3 Nb5 27. Bb4 Rxd4 28. Rxd4 Nxd4 29. Rd1 Rc1 30. Rxc1 Ne2+ 31. Kf1 Nxc1
32. Bd2 Nxa2 33. b4 a5 34. bxa5 bxa5 35. Bxa5 Nc1 36. Bd2 Nb3 37. Be3 e5
38. Ke2 f6 39. Kd3 Kf7 40. Kc4 Na5+ 41. Kd5 Nb7 42. Bb6 Ke8 43. Ke6 Nd8+ {
White forfeits on time } 0-1

[Event "ICC tourney 2202 (30 10)"]
[Site "Internet Chess Club"]
[Date "2020.12.13"]
[Round "4"]
[White "KRASAVCHIK"]
[Black "TjkTiger"]
[Result "1/2-1/2"]
[ICCResult "Game drawn by mutual agreement"]
[WhiteElo "2648"]
[BlackElo "2602"]
[Opening "Sicilian: closed"]
[ECO "B23"]
[NIC "SI.44"]
[Time "17:02:15"]
[PlyCount "146"]
[TimeControl "1800+10"]


1. e4 c5 2. Nc3 g6 3. d4 cxd4 4. Qxd4 Nf6 5. Be3 Nc6 6. Qd2 d6 7. O-O-O Qa5
8. Kb1 Bg7 9. f3 O-O 10. h4 Be6 11. Nh3 b5 12. Nf4 Bc4 13. Bxc4 bxc4 14.
Ncd5 Qxd2 15. Bxd2 Nxd5 16. Nxd5 Rab8 17. Bc3 Bxc3 18. Nxc3 Rb7 19. h5 Rfb8
20. b3 cxb3 21. cxb3 Nb4 22. hxg6 hxg6 23. Rd4 Kg7 24. Rc1 a5 25. Na4 Rh8
26. a3 Na6 27. Ka2 Nc7 28. Rd2 Ne6 29. Rc3 Rh2 30. Nb2 Nf4 31. Rcc2 Rb5 32.
g3 Rxd2 33. Rxd2 Nh5 34. g4 Nf4 35. Nd3 Ne6 36. b4 axb4 37. Nxb4 Rb7 38.
Rd5 Nf4 39. Rd2 Ne6 40. Rd5 f6 41. Kb2 g5 42. Rd2 Kf7 43. Kc3 Rc7+ 44. Kb2
Rb7 45. Kc3 Rc7+ 46. Kb2 Nc5 47. Nd5 Ra7 48. Ka2 Ke6 49. Nb4 Ra8 50. Nd3
Nxd3 51. Rxd3 Ke5 52. Kb3 e6 53. a4 d5 54. exd5 exd5 55. Kb4 d4 56. Ra3 Kd5
57. Kb3 Rc8 58. Kb2 Kc4 59. a5 Rh8 60. Ra4+ Kd3 61. a6 Ke3 62. a7 Ra8 63.
Ra6 Kxf3 64. Rxf6+ Kxg4 65. Rf7 Kh3 66. Kc2 g4 67. Rh7+ Kg2 68. Kd3 g3 69.
Kxd4 Kf2 70. Rf7+ Ke2 71. Rg7 Kf2 72. Rf7+ Ke2 73. Rg7 Kf2 { Game drawn by
mutual agreement } 1/2-1/2